 Dungeon Crawl Stone Soup version 0.20.1-1-g8b1a95d (webtiles) character file.

10042 Kriby the Basher (level 11, -2/104 (105) HPs)
             Began as a Hill Orc Fighter on Aug 6, 2017.
             Was a High Priest of Okawaru.
             Slain by a minotaur
             ... wielding a +4 vampiric lajatang
              (24 damage)
             ... in a labyrinth on Aug 10, 2017.
             The game lasted 00:25:17 (14376 turns).

Kriby the Basher (Hill Orc Fighter)                Turns: 14376, Time: 00:25:17

HP:   -2/104 (105)  AC: 27    Str: 30    XL:     11   Next: 55%
MP:   3/11          EV:  6    Int:  8    God:    Okawaru [*****.]
Gold: 640           SH: 10    Dex: 10    Spells: 10/10 levels left

rFire    . . .     SeeInvis .   a - +0 war axe (freeze)
rCold    . . .     Gourm    .   c - +0 shield
rNeg     . . .     Faith    .   J - +6 chain mail of the Scribe {Str+2}
rPois    +         Spirit   .   (helmet restricted)
rElec    .         Reflect  .   n - +0 cloak
rCorr    .         Harm     .   A - +2 pair of gloves
MR       +....     NoTele   +   V - +1 pair of boots {Fly}
Stlth    ..........             h - amulet of regeneration
Regen    0.7/turn               I - +4 ring of protection
MPRegen  0.2/turn               b - ring of poison resistance

@: mighty, cannot translocate, flying
A: horns 1, talons 1, iridescent scales 1, magic resistance 1, evolution 1,
MP-powered wands
a: Heroism, Finesse, Renounce Religion, Stop Flying


You were in a labyrinth.
You worshipped Okawaru.
Okawaru was extremely pleased with you.
You were not hungry.

You visited 2 branches of the dungeon, and saw 12 of its levels.
You also visited: Labyrinth.

You collected 640 gold pieces.

Inventory:

Hand Weapons
 a - a +0 war axe of freezing (weapon)
 i - a +3 hand axe of distortion
 j - the +4 rapier of Starshine {pierce, MR++}
   (You found it in a labyrinth)

   It inflicts extra damage upon your enemies.
   It affects your resistance to hostile enchantments.
 D - a +2 whip of distortion
 N - a +4 flail
Missiles
 P - 6 steel tomahawks (quivered)
 S - 6 javelins of penetration
Armour
 c - a +0 shield (worn)
 g - a +2 ring mail of poison resistance
 n - a +0 cloak (worn)
 A - a +2 pair of gloves (worn)
 H - the +6 scale mail "Losan" {*Corrode rPois rF+}
   (You found it on level 6 of the Dungeon)

   It protects you from fire.
   It protects you from poison.
   It may corrode you when you take damage.
 J - the +6 chain mail of the Scribe (worn) {Str+2}
   (You found it on level 7 of the Dungeon)

   It affects your strength (+2).
 K - a +1 helmet of intelligence
 M - a +2 helmet of intelligence
 V - a +1 pair of boots of flying (worn)
Magical Staves
 o - an uncursed staff of cold {unknown}
Jewellery
 b - a ring of poison resistance (right hand)
 h - an amulet of regeneration (around neck)
 u - an uncursed ring of flight
 x - an uncursed amulet of magic regeneration
 I - a +4 ring of protection (left hand)
Wands
 B - a wand of flame (38/48)
 O - a wand of confusion (23/48)
 Q - a wand of enslavement (10/24)
 R - a wand of iceblast (4/15)
 U - a wand of random effects (34/48)
Scrolls
 l - 5 scrolls of enchant armour
 q - a scroll of vulnerability {unknown}
 s - a scroll of fear
 v - 3 scrolls of recharging
 w - 2 scrolls of magic mapping
 z - 5 scrolls of remove curse
 C - a scroll of amnesia
 G - 5 scrolls of identify
Potions
 e - a potion of heal wounds {unknown}
 m - 10 potions of curing
 p - 2 potions of agility
 E - 4 potions of brilliance
 L - a potion of haste
 T - a potion of cancellation
Books
 y - Uskub's Compendium of Lucky Creation
   (You found it in a labyrinth)

   Spells                             Type                      Level
   a - Deflect Missiles               Charms/Air                   6
   b - Ring of Flames                 Charms/Fire                  7
   c - Malign Gateway                 Summoning/Translocation      7
 F - a book of Death

   Spells                             Type                      Level
   a - Corpse Rot                     Necromancy                   2
   b - Sublimation of Blood           Necromancy                   2
   c - Agony                          Necromancy                   5
   d - Dispel Undead                  Necromancy                   5
   e - Excruciating Wounds            Charms/Necromancy            5
   f - Bolt of Draining               Conjuration/Necromancy       5
Comestibles
 f - 4 bread rations
 k - 6 royal jellies
 r - 6 meat rations
 t - 6 fruits


   Skills:
 + Level 12.4 Fighting
 * Level 6.4(12.8) Axes
 - Level 14.5(14.8) Maces & Flails
 - Level 3.2 Armour
 - Level 3.2 Shields


You had 10 spell levels left.
You didn't know any spells.

Dungeon Overview and Level Annotations

Branches:
Dungeon (11/15)            Temple (0/1) D:6            Lair (1/6) D:10
    Orc: D:9-12

Altars:
Ashenzari
Elyvilon
Hepliaklqana
Okawaru
Ru
Sif Muna
Vehumet
Zin
The Shining One

Shops:
D:8 =

Annotations:
Abyss:1 Crazy Yiuf


Innate Abilities, Weirdness & Mutations

You have a pair of small horns on your head.
You have sharp toenails.
You are partially covered in iridescent scales. (AC +2)
You are resistant to hostile enchantments. (MR+)
You evolve.
You expend magic power (3 MP) to strengthen your wands.


Message History

Your +0 war axe of freezing glows with a cold blue light!
a - a +0 war axe of freezing (weapon)
You hit the minotaur but do no damage.
The minotaur is lightly wounded.
The minotaur hits you but does no damage.
The minotaur gores you.
You completely miss the minotaur.
The minotaur furiously retaliates!
The minotaur headbutts you.
The minotaur is lightly wounded.
The minotaur hits you with a vampiric lajatang!
The minotaur gores you!
* * * LOW HITPOINT WARNING * * *
You feel very mighty all of a sudden.
The minotaur hits you but does no damage.
The minotaur gores you.
* * * LOW HITPOINT WARNING * * *
You completely miss the minotaur. Your headbutt misses the minotaur.
The minotaur is lightly wounded.
The minotaur hits you with a vampiric lajatang!!
You die...

... ..#...=
. #.......#
#.P ≈
######
###.# P
#... ..H..
#.########.
#.# . ## #
#.# # # #.
#H#.. <#.#
#@# ####.#
. #
#........
######### #


You could see a minotaur.

Vanquished Creatures
  A two-headed ogre (D:10)
  The ghost of ANON1729 the Cruncher, a novice DrCj (D:8)
  A cyclops (D:11)
  A komodo dragon (Lair:1)
  A hornet (D:10)
  2 hippogriffs
  A wraith (D:10)
  A human (D:9)
  2 hogs (D:9)
  A hungry ghost (D:9)
  2 hell hounds (D:10)
  5 orc warriors
  An ice beast (D:5)
  3 sky beasts
  A phantom (D:7)
  An eye of draining (D:11)
  A necrophage (D:9)
  3 ogres
  A crocodile (Lair:1)
  4 centaurs
  3 big kobolds
  6 bullfrogs
  A wyvern zombie (D:6)
  2 wyvern skeletons
  5 scorpions
  7 killer bees
  3 wights (D:9)
  A howler monkey (D:11)
  A spriggan skeleton (Lab)
  3 crimson imps
  A bullfrog zombie (D:7)
  A quasit (D:7)
  7 orc priests
  9 hounds
  2 jellies
  Jessica (D:3)
  2 iguanas
  Terence (D:3)
  Natasha (thrice) (D:3)
  11 orc wizards
  6 worker ants
  A hound zombie (D:6)
  A hound skeleton (D:10)
  A worker ant zombie (D:7)
  Robin (D:3)
  8 adders
  A shadow imp (D:7)
  2 oozes
  An adder skeleton (D:6)
  5 worms
  A dart slug (D:1)
  4 leopard geckos
  51 orcs
  3 giant cockroaches
  17 goblins
  11 hobgoblins
  10 jackals
  3 quokkas
  6 bats
  4 frilled lizards
  A jackal zombie (D:7)
  24 kobolds
  A leopard gecko skeleton (D:5)
  A quokka zombie (D:8)
  10 rats
  A fungus (D:3)
279 creatures vanquished.

Vanquished Creatures (others)
  A two-headed ogre (D:10)
  2 unseen horrors
  A hippogriff (D:7)
  2 hogs (D:9)
  An ice beast (D:9)
  A sky beast (D:6)
  2 orc warriors
  A bullfrog (D:10)
  A wyvern zombie (D:7)
  2 killer bees (D:8)
  A troll skeleton (Lab)
  3 wights (D:9)
  2 orc priests (D:6)
  A hound (D:5)
  An orc wizard (D:5)
  An ogre skeleton (Lab)
  An adder (D:3)
  3 orcs
  A giant cockroach (D:5)
  A fungus (D:3)
29 creatures vanquished.

Grand Total: 308 creatures vanquished

Notes
Turn   | Place    | Note
-------+----------+-------------------------------------------
     0 | D:1      | Kriby the Hill Orc Fighter began the quest for the Orb.
     0 | D:1      | Reached XP level 1. HP: 19/19 MP: 1/1
   152 | D:1      | Reached XP level 2. HP: 17/27 MP: 2/2
   679 | D:1      | Reached XP level 3. HP: 25/33 MP: 3/3
  1506 | D:2      | Reached XP level 4. HP: 41/41 MP: 4/4
  1604 | D:2      | Reached skill level 5 in Axes
  1717 | D:2      | Found a sacrificial altar of Ru.
  2125 | D:3      | Noticed Terence
  2126 | D:3      | Found a hazy altar of Hepliaklqana.
  2132 | D:3      | Killed Terence
  2132 | D:3      | Reached XP level 5. HP: 39/47 MP: 5/5
  2283 | D:3      | Noticed Robin
  2362 | D:3      | Killed Robin
  2526 | D:3      | Noticed Natasha
  2530 | D:3      | Killed Natasha
  2530 | D:3      | Reached skill level 5 in Fighting
  2737 | D:3      | Found a faded altar of an unknown god.
  2815 | D:3      | Noticed Natasha
  2823 | D:3      | Killed Natasha
  2823 | D:3      | Reached skill level 1 in Maces & Flails
  2829 | D:3      | Noticed Natasha
  2868 | D:3      | Noticed Jessica
  2875 | D:3      | Killed Jessica
  2875 | D:3      | Reached XP level 6. HP: 56/56 MP: 6/6
  2956 | D:3      | Killed Natasha
  2956 | D:3      | Reached skill level 2 in Maces & Flails
  2997 | D:3      | Found a runed door.
  3001 | D:3      | Noticed Crazy Yiuf
  3008 | D:3      | Banished Crazy Yiuf
  3395 | D:4      | Reached skill level 3 in Maces & Flails
  3910 | D:5      | Entered Level 5 of the Dungeon
  3953 | D:5      | Reached XP level 7. HP: 61/63 MP: 7/7
  3965 | D:5      | Found an iron altar of Okawaru.
  3969 | D:5      | Reached skill level 4 in Maces & Flails
  3978 | D:5      | Became a worshipper of Warmaster Okawaru
  4371 | D:5      | Reached skill level 5 in Maces & Flails
  4462 | D:5      | Reached * piety under Okawaru
  4462 | D:5      | Reached skill level 6 in Maces & Flails
  4462 | D:5      | Reached XP level 8. HP: 64/73 MP: 8/8
  4465 | D:5      | Gained mutation: Scrolls take you a little longer to read. [mutagenic meat]
  4466 | D:5      | Gained mutation: You are covered in fur. (AC +1) [mutagenic meat]
  4467 | D:5      | Gained mutation: Your body sometimes deteriorates upon taking damage. [mutagenic meat]
  4468 | D:5      | Gained mutation: You have a pair of small horns on your head. [mutagenic meat]
  4890 | D:6      | Got a pitted scale mail
  4901 | D:6      | Identified the +6 scale mail "Losan" {*Corrode rPois rF+} (You found it on level 6 of the Dungeon)
  5052 | D:6      | Reached skill level 7 in Maces & Flails
  5310 | D:6      | Found a white marble altar of Elyvilon.
  5340 | D:6      | Found a staircase to the Ecumenical Temple.
  5537 | D:7      | Identified the +6 chain mail of the Scribe {Str+2} (You found it on level 7 of the Dungeon)
  5598 | D:7      | Reached skill level 8 in Maces & Flails
  5838 | D:7      | Reached XP level 9. HP: 82/82 MP: 9/9
  5847 | D:7      | Found a glowing silver altar of Zin.
  5854 | D:7      | Lost mutation: You have a pair of small horns on your head. [potion of mutation]
  5854 | D:7      | Lost mutation: Scrolls take you a little longer to read. [potion of mutation]
  5854 | D:7      | Lost mutation: Your body sometimes deteriorates upon taking damage. [potion of mutation]
  5854 | D:7      | Gained mutation: You are robust. (+10% HP) [potion of mutation]
  5854 | D:7      | Gained mutation: You have a pair of small horns on your head. [potion of mutation]
  5854 | D:7      | Gained mutation: You have large cloven feet. [potion of mutation]
  5856 | D:7      | Lost mutation: You are robust. (+10% HP) [potion of mutation]
  5856 | D:7      | Lost mutation: You have a pair of small horns on your head. [potion of mutation]
  5856 | D:7      | Lost mutation: You have large cloven feet. [potion of mutation]
  5856 | D:7      | Lost mutation: You are covered in fur. (AC +1) [potion of mutation]
  5856 | D:7      | Gained mutation: You are partially covered in iridescent scales. (AC +2) [potion of mutation]
  5856 | D:7      | Lost mutation: You are partially covered in iridescent scales. (AC +2) [potion of mutation]
  5856 | D:7      | Gained mutation: You are resistant to hostile enchantments. (MR+) [potion of mutation]
  5856 | D:7      | Gained mutation: You have a pair of small horns on your head. [potion of mutation]
  6064 | D:7      | Reached ** piety under Okawaru
  6080 | D:7      | Reached skill level 9 in Maces & Flails
  6149 | D:8      | Found Afaxt's Jewellery Shop.
  6185 | D:8      | Noticed a two-headed ogre
  6188 | D:8      | Noticed ANON1729's ghost (novice DrCj)
  6585 | D:7      | Reached skill level 10 in Maces & Flails
  7379 | D:7      | Reached *** piety under Okawaru
  7555 | D:8      | Reached skill level 11 in Maces & Flails
  8041 | D:8      | Killed ANON1729's ghost
  8041 | D:8      | Reached **** piety under Okawaru
  8041 | D:8      | Reached skill level 10 in Fighting
  8041 | D:8      | Reached XP level 10. HP: 39/94 MP: 10/10
  8617 | D:9      | Reached skill level 12 in Maces & Flails
  9194 | D:9      | Found a radiant altar of Vehumet.
  9417 | D:9      | Found a glowing golden altar of the Shining One.
  9483 | D:9      | Found a deep blue altar of Sif Muna.
  9559 | D:9      | Found a shattered altar of Ashenzari.
  9583 | D:10     | Entered Level 10 of the Dungeon
  9701 | D:10     | Found a staircase to the Lair.
  9704 | D:10     | Noticed a two-headed ogre
  9722 | D:10     | Reached skill level 13 in Maces & Flails
  9733 | D:10     | Killed a two-headed ogre
  9733 | D:10     | Reached ***** piety under Okawaru
  9733 | D:10     | Reached XP level 11. HP: 62/101 MP: 11/11
 10093 | D:10     | Paralysed by a hornet for 3 turns
 10372 | D:10     | Noticed a two-headed ogre
 10378 | D:10     | Banished a two-headed ogre
 10510 | D:10     | Banished an unseen horror
 10586 | D:10     | Reached skill level 14 in Maces & Flails
 10820 | D:11     | Received a gift from Okawaru
 10941 | D:11     | Noticed a cyclops
 10967 | D:11     | Gained mutation: You expend magic power (3 MP) to strengthen your wands. [mutagenic meat]
 10968 | D:11     | Gained mutation: You have sharp toenails. [mutagenic meat]
 10969 | D:11     | Gained mutation: You are partially covered in iridescent scales. (AC +2) [mutagenic meat]
 10970 | D:11     | Gained mutation: You evolve. [mutagenic meat]
 10982 | D:11     | Killed a cyclops
 11425 | D:11     | Noticed a death knight
 11861 | Lair:1   | Entered Level 1 of the Lair of Beasts
 11934 | Lair:1   | Found a labyrinth entrance.
 11951 | Lab      | Entered a labyrinth
 14203 | Lab      | Noticed a minotaur
 14266 | Lab      | Identified Uskub's Compendium of Lucky Creation
 14267 | Lab      | Got a smoking rapier
 14312 | Lab      | Banished an unseen horror
 14368 | Lab      | Identified the +4 rapier of Starshine {pierce, MR++} (You found it in a labyrinth)
 14376 | Lab      | Slain by a minotaur

Skill      XL: |  1  2  3  4  5  6  7  8  9 10 11 |
---------------+----------------------------------+-----
Axes           | 3 4 5 6 |  6.4
Fighting       | 4 5 6 7 8 10 11 12 | 12.4
Maces & Flails | 1 3 6 8 11 13 14 | 14.5
Armour         | |  3.2
Shields        | |  3.2

Action                   |  1- 3 |  4- 6 |  7- 9 | 10-12 || total
-------------------------+-------+-------+-------+-------++-------
Melee: War axe           |   140 |    81 |       |     3 ||   224
       Whip              |       |   103 |   473 |   410 ||   986
       Headbutt          |       |       |    59 |    66 ||   125
       Rapier            |       |       |       |     3 ||     3
Evoke: Wand              |       |       |     2 |     6 ||     8
  Use: Scroll            |       |    10 |     2 |     9 ||    21
       Potion            |       |     4 |     6 |     1 ||    11
  Eat: Chunk             |     2 |     8 |    12 |    13 ||    35
       Bread ration      |       |       |     1 |     2 ||     3
       Fruit             |       |       |       |     3 ||     3
       Royal jelly       |       |       |       |     1 ||     1
Armor: Scale mail        |    69 |    39 |    27 |       ||   135
       Plate armour      |       |    48 |    47 |       ||    95
       Skin              |       |     1 |       |       ||     1
       Chain mail        |       |       |   181 |   194 ||   375
Dodge: Dodged            |    42 |    33 |    64 |    40 ||   179
Block: Shield            |    69 |    82 |   148 |   130 ||   429
